Map: Ley Lines

Players

iPlayDefense - Winner!

  • Race: Terran Terran
  • League: Silver
  • Spawn Location: 1:00

VOD

Have the link to the VOD?

Description

Time

  • Played on: April 14, 2025, 9:32 a.m.
  • Length: 21:57
Show
View Real Time Build Order
Export as new Build Order

iPlayDefense Terran - Winner!

Build Orders:  

Get SALT Encoding   

  12  0:00  SCV  
  13  0:21  Supply Depot  
  13  0:25  SCV  
  14  0:42  SCV  
  15  0:57  Barracks  
  15  0:58  SCV  
  16  1:15  SCV  
  17  1:24  Refinery  
  17  1:32  SCV  
  18  1:49  SCV  
  19  2:19  Supply Depot  
  19  2:22  Orbital Command  
  19  2:26  Barracks Reactor  
  19  2:59  Barracks x2  
  19  3:05  Command Center  
  19  3:17  Supply Depot  
  19  3:19  Marine  
  20  3:23  Marine  
  21  3:47  Factory  
  21  3:55  Marine x2  
  23  4:03  Refinery  
  23  4:09  Barracks Tech Lab  
  23  4:10  Barracks Tech Lab  
  23  4:31  SCV  
  23  4:34  Marine x2  
  23  4:35  Marine x2  
  28  4:42  Supply Depot  
  28  4:45  Stimpack  
  28  4:48  SCV  
  29  5:02  Orbital Command  
  29  5:05  SCV  
  29  5:08  Unknown  
  30  5:29  Factory Tech Lab  
  30  5:45  SCV  
  30  5:46  SCV  
  30  5:47  Marine x2  
  30  5:48  Marine x2  
  36  5:56  Supply Depot  
  36  6:02  SCV  
  36  6:07  Siege Tank  
  40  6:17  Supply Depot  
  40  6:34  SCV x2  
  40  6:37  Marine  
  40  6:38  Marine  
  44  6:48  Supply Depot  
  44  6:51  SCV x2  
  39  7:16  SCV x2  
  39  7:17  Marine  
  39  7:18  Marine x3  
  45  7:21  Supply Depot  
  45  7:33  SCV x2  
  47  7:43  Marauder  
  47  7:49  Marine  
  50  7:50  SCV x2, Marine x2  
  50  7:51  Supply Depot  
  50  7:58  Supply Depot  
  54  8:07  SCV x2  
  56  8:13  Marine  
  56  8:15  Marauder  
  59  8:20  Bunker  
  59  8:23  Supply Depot  
  59  8:26  Refinery  
  59  8:28  Refinery  
  59  8:29  Supply Depot  
  59  8:41  Starport  
  59  8:45  SCV x2  
  59  8:46  Marine x3  
  59  8:47  Marine  
  65  9:01  Supply Depot  
  65  9:02  SCV x2  
  67  9:11  Marauder  
  69  9:20  Engineering Bay  
  69  9:21  SCV x2  
  69  9:22  Marine x2  
  69  9:23  Marine  
  74  9:34  Supply Depot  
  74  9:36  Starport Reactor  
  74  9:38  SCV x2  
  76  9:41  Marine  
  76  9:48  Marauder  
  79  10:09  SCV x2  
  81  10:10  Marine x3  
  81  10:12  Siege Tank  
  81  10:18  Marine  
  88  10:26  Supply Depot, SCV x2  
  90  10:31  Medivac x2  
  90  10:34  Supply Depot  
  90  10:35  Marauder  
  96  10:43  Marauder  
  98  10:56  Siege Tank, Command Center  
  98  10:59  Unknown  
  101  11:01  SCV x2  
  101  11:02  Marine  
  101  11:03  Marine  
  101  11:05  Marine  
  106  11:12  Marine  
  106  11:18  SCV x2  
  109  11:30  Marauder  
  109  11:37  Marauder  
  113  12:14  SCV x2  
  113  12:15  Marine  
  113  12:16  Marine x3  
  113  12:17  Siege Tank  
  122  12:20  Medivac x2  
  126  12:31  SCV x2  
  124  12:41  Marauder x2  
  128  13:02  Siege Tank, Medivac x2  
  128  13:03  Unknown  
  135  13:10  Supply Depot  
  135  13:17  Orbital Command  
  127  13:43  Orbital Command  
  127  13:44  Medivac x2  
  127  13:47  Siege Tank  
  127  13:48  Unknown  
  132  14:14  Unknown  
  132  14:19  Unknown  
  127  14:29  Unknown  
  118  14:32  Siege Tank  
  118  14:38  SCV x3  
  118  14:39  Marine  
  124  14:40  Marine x3  
  124  14:43  Medivac x2  
  130  14:55  SCV x3  
  133  15:05  Marauder x2  
  134  15:17  Siege Tank  
  125  15:26  Refinery  
  125  15:28  Refinery  
  122  15:32  Marine x2  
  122  15:35  Marine x2  
  120  15:41  Terran Infantry Weapons Level 1  
  120  15:45  Supply Depot  
  120  15:51  Supply Depot  
  120  16:00  Marauder x2  
  120  16:02  Siege Tank  
  127  16:24  Supply Depot  
  127  16:35  SCV  
  127  16:36  SCV x2  
  127  16:38  Marine x4  
  134  16:52  SCV  
  134  16:53  SCV x2  
  137  17:00  Armory  
  137  17:03  Marauder x2  
  137  17:04  Viking  
  137  17:05  Viking  
  145  17:19  Factory  
  145  17:23  Factory  
  145  17:30  Marine x2  
  145  17:33  Marine x2  
  149  17:46  Viking  
  149  17:47  Viking  
  153  17:58  Marauder x2  
  157  18:06  Marine x2  
  157  18:08  Thor  
  165  18:21  Terran Infantry Armor Level 1  
  165  18:26  Factory Tech Lab x2  
  165  18:28  Marine x2, Viking  
  165  18:29  Viking  
  171  18:33  Terran Vehicle Weapons Level 1  
  171  18:53  Thor x2, Marauder x2  
  187  19:05  Supply Depot  
  187  19:08  Thor  
  193  19:10  Viking  
  193  19:11  Viking  
  197  19:36  Supply Depot  
Tags
 
League
Silver
Matchup
Co-op
Replay Pack
DaveSC2
Add a new tag
Caveats
  • Supply blocks, unpowered buildings, or Contaminate may cause inaccurate times.
  • Supply counts are checked every 10 seconds.